 Dungeon Crawl Stone Soup version 0.22-a0-799-g88f5e90 (webtiles) character file.

392 Kuinu the Firebug (level 6, -8/45 HPs)
             Began as a Draconian Fire Elementalist on July 21, 2018.
             Was an Initiate of Vehumet.
             Killed from afar by an orc (21 damage)
             ... with a wand of acid (9)
             ... on level 4 of the Dungeon.
             The game lasted 00:15:24 (4739 turns).

Kuinu the Firebug (Draconian Fire Elementalist)     Turns: 4739, Time: 00:15:25

Health: -8/45      AC:  3    Str: 10    XL:     6   Next: 51%
Magic:  11/11      EV: 13    Int: 23    God:    Vehumet [......]
Gold:   221        SH:  0    Dex: 12    Spells: 6/12 levels left

rFire    . . .     SeeInvis .   q - +4 Vampire's Tooth {vamp}
rCold    . . .     Gourm    .   (no shield)
rNeg     . . .     Faith    .   (armour unavailable)
rPois    .         Spirit   .   (helmet restricted)
rElec    .         Reflect  .   (no cloak)
rCorr    .         Harm     .   (no gloves)
MR       .....                  m - +0 pair of boots
Stlth    ++........             (no amulet)
HPRegen  0.15/turn              (no ring)
MPRegen  0.12/turn              h - +6 ring of intelligence

@: corroded
A: unfitting armour, cold-blooded, AC +6
a: Renounce Religion


You were on level 4 of the Dungeon.
You worshipped Vehumet.
Vehumet was noncommittal.
You were not hungry.

You visited 2 branches of the dungeon, and saw 5 of its levels.

You collected 221 gold pieces.

Inventory:

Hand Weapons
 c - a +1 short sword
 q - the +4 Vampire's Tooth (weapon) {vamp}
   (You found it on level 4 of the Dungeon)

   It inflicts no extra harm, but heals its wielder when it wounds a living foe.
Armour
 m - a +0 pair of boots (worn)
Jewellery
 h - a +6 ring of intelligence (right hand)
Wands
 n - a wand of flame (12)
 o - a wand of scattershot (5)
Scrolls
 a - 2 scrolls of remove curse
 g - a scroll of identify
 k - 3 scrolls of teleportation
 l - a scroll of enchant armour {unknown}
 r - a scroll of magic mapping {unknown}
 t - a scroll of immolation {unknown}
Potions
 d - a potion of resistance {unknown}
 e - a potion of magic {unknown}
 f - 4 potions of haste
 i - 2 potions of brilliance {unknown}
 j - a potion of heal wounds
 p - a potion of berserk rage {unknown}
Comestibles
 b - 6 rations


   Skills:
 + Level 2.7 Dodging
 + Level 3.0 Stealth
 * Level 3.9 Spellcasting
 + Level 2.5 Conjurations
 * Level 4.6 Fire Magic


You had 6 spell levels left.
You knew the following spells:

 Your Spells              Type           Power        Failure   Level  Hunger
a - Flame Tongue          Conj/Fire      ###..        2%          1    None
b - Throw Flame           Conj/Fire      ###...       3%          2    #......
c - Conjure Flame         Conj/Fire      ###.....     8%          3    ##.....

Your spell library contained the following spells:

 Spells                   Type           Power        Failure   Level  Hunger
 Fireball                 Conj/Fire      ###.......   56%         5    ######.
 Sticky Flame             Conj/Fire      ###.....     24%         4    ####...
 Inner Flame              Hex/Fire       ###.....     12%         3    ##.....


Dungeon Overview and Level Annotations

Branches:
Dungeon (4/15)             Temple (1/1) D:4

Altars:
Ashenzari
Cheibriados
Elyvilon
Fedhas
Hepliaklqana
Makhleb
Okawaru
Qazlal
Ru
Trog
Vehumet
Wu Jian
Yredelemnul
Zin


Innate Abilities, Weirdness & Mutations

Your plain brown scales are hard. (AC +6)
You cannot fit into any form of body armour.
You are cold-blooded and may be slowed by cold attacks.


Message History

You climb upwards.
Welcome back to the Dungeon!
There is a staircase to the Ecumenical Temple here.
b - 6 rations (gained 1)
You see here 5 arrows.
Found a stone staircase leading up.
An orc comes into view. It is wielding a mace.
The orc zaps a wand.
The bolt of acid hits you! The acid corrodes you!
You are splashed with acid!
The acid burns!
* * * LOW HITPOINT WARNING * * *
It is a wand of acid (10).
You feel much better.
You barely miss the orc. The orc barely misses you.
You hit the orc but do no damage. You barely miss the orc.
The orc barely misses you.
You closely miss the orc.
The orc zaps a wand.
The bolt of acid hits you!
You are splashed with acid!
The acid burns!
* * * LOW HITPOINT WARNING * * *
You hit the orc but do no damage.
The orc zaps a wand.
The bolt of acid hits you!
You die...

#.# #.#.# #### .# # #.# #<#.#
##. # #.# #.#.# ##.. #
#.###.#.# .##.# # #.#.....#
###'###.# #
#.#.#.#.######.....#.# #
#)...........(.......# #
###[#.#.#...o#.....#.# #
##.[...#...@###'###.#####.##
##......#....##..o##.......##
#...>........##§.§##.########
#..##.###....##...##.........
#...#.###....##§.§##.#######.
#............##._.##.# #.
####..#.#.#.#.####§.§##.# #.
#.....#######.## ######.# ##
#.##..#.....#.(####A###.#


You could see an orc.

Vanquished Creatures
  2 vampire bats (D:4)
  2 howler monkeys (D:4)
  A hound (D:4)
  A centaur skeleton (D:4)
  2 iguanas (D:4)
  A worker ant (D:4)
  2 adders (D:3)
  An ooze (D:2)
  4 worms
  6 dart slugs
  3 leopard geckos
  2 giant cockroaches
  5 goblins
  9 hobgoblins
  2 jackals (D:1)
  6 kobolds
  A quokka (D:4)
  3 ball pythons
  13 bats
  3 frilled lizards
  6 rats
75 creatures vanquished.

Notes
Turn   | Place    | Note
-------+----------+-------------------------------------------
     0 | D:1      | Kuinu the Draconian Fire Elementalist began the quest for the Orb.
     0 | D:1      | Reached XP level 1. HP: 14/14 MP: 3/3
   115 | D:1      | Reached XP level 2. HP: 20/20 MP: 0/5
   276 | D:1      | Learned a level 2 spell: Throw Flame
   684 | D:1      | Reached XP level 3. HP: 20/26 MP: 2/6
  2025 | D:3      | Reached XP level 4. HP: 33/33 MP: 1/8
  2368 | D:3      | Found a burning altar of Makhleb.
  2373 | D:3      | Found a glowing silver altar of Zin.
  2373 | D:3      | Noticed an angel
  2374 | D:3      | Noticed an Executioner
  2556 | D:3      | Learned a level 3 spell: Conjure Flame
  3223 | D:4      | Reached XP level 5. HP: 28/38 MP: 1/9
  3229 | D:4      | Reached skill level 4 in Fire Magic
  3404 | D:4      | Found a bloodstained altar of Trog.
  3546 | D:4      | Found a basalt altar of Yredelemnul.
  3548 | D:4      | Noticed a profane servitor
  3827 | D:4      | Found the +4 Vampire's Tooth {vamp}
  3833 | D:4      | Reached XP level 6. HP: 45/45 MP: 5/11
  4292 | D:4      | Found a staircase to the Ecumenical Temple.
  4301 | Temple   | Entered the Ecumenical Temple
  4507 | Temple   | Became a worshipper of Vehumet
  4739 | D:4      | Killed from afar by an orc

Vault maps used:
D:1:      sevenhm_arrival_forest_fort_large_2, supply_closet_lemuel
D:3:      grunt_temple_overflow_order_and_chaos_2, minmay_parallelograms
D:4:      grunt_temple_overflow_holy_war, kennysheep_mini_moat,
          lemuel_temple_firewalk_a, first_ration, st_stairs_13, dk_vineyard_1,
          minmay_guarded_unrand_vampires_tooth
Temple:   dpeg_chambers_temple

Skill      XL: |  1  2  3  4  5  6 |
---------------+-------------------+-----
Stealth        | 2 3 |  3.0
Dodging        | 2 |  2.7
Spellcasting   | 3 |  3.9
Conjurations   | 2 |  2.5
Fire Magic     | 4 |  4.6

Action                   |  1- 3 |  4- 6 || total
-------------------------+-------+-------++-------
Melee: Short sword       |    57 |    38 ||    95
       Tailslap          |     4 |     7 ||    11
       Dagger            |       |    18 ||    18
 Cast: Flame Tongue      |    48 |    16 ||    64
       Throw Flame       |    10 |    27 ||    37
       Conjure Flame     |       |     4 ||     4
Evoke: Wand              |       |    15 ||    15
  Use: Scroll            |     9 |       ||     9
       Potion            |       |     1 ||     1
 Stab: Sleeping          |       |     1 ||     1
  Eat: Chunk             |     1 |     7 ||     8
       Ration            |     1 |     2 ||     3
Armor: Skin              |    21 |     6 ||    27
Dodge: Dodged            |    60 |    43 ||   103

Table legend:
 A = Spawn XP
 B = Non-spawn XP
 C = Spawn XP percentage of total XP
 D = Spawn monster count
 E = Non-spawn monster count
 F = Spawn count percentage of total count
 G = Total turns spent on level
                    A         B        C        D         E        F      G
               +---------+---------+-------+---------+---------+-------+---------
         Total |       0 |     561 |   0.0 |       0 |      75 |   0.0 |  4739
               +---------+---------+-------+---------+---------+-------+---------
           D:1 |       0 |      52 |   0.0 |       0 |      25 |   0.0 |  1196
           D:2 |       0 |      29 |   0.0 |       0 |      12 |   0.0 |   819
           D:3 |       0 |      62 |   0.0 |       0 |      19 |   0.0 |  1171
           D:4 |       0 |     418 |   0.0 |       0 |      19 |   0.0 |  1319
               +---------+---------+-------+---------+---------+-------+---------
